 Dungeon Crawl Stone Soup version 0.19-a0-1127-gac58878 (webtiles) character file.

65 torvon the Insei (level 4, -3/23 HPs)
             Began as a Vine Stalker Transmuter on Aug 12, 2016.
             Killed from afar by an orc wizard (11 damage)
             ... with a puff of flame
             ... on level 3 of the Dungeon.
             The game lasted 00:09:44 (1718 turns).

torvon the Insei (Vine Stalker Transmuter)          Turns: 1718, Time: 00:09:45

Health: -3/23      AC:  2    Str: 12    XL:     4   Next: 14%
Magic:  0/8        EV: 12    Int: 13    God:
Gold:   61         SH:  0    Dex: 16    Spells: 2 memorised, 4 levels left

rFire  . . .     SeeInvis .       - Unarmed
rCold  . . .     Gourm    .     b - +0 robe
rNeg   . . .     Faith    .     (no shield)
rPois  .         Spirit   +     (no helmet)
rElec  .         Dismiss  .     (no cloak)
rCorr  .         Reflect  .     (no gloves)
SustAt .         Harm     .     (no boots)
MR     .....                    (no amulet)
Stlth  +.........               (no ring)
                                (no ring)

@:
A: fangs 2, regeneration 1, magic shield, antimagic bite, no device heal 3, rot
immunity
a: no special abilities


You were on level 3 of the Dungeon.
You were not hungry.

You visited 1 branch of the dungeon, and saw 3 of its levels.

You collected 61 gold pieces.

Inventory:

Missiles
 a - 44 arrows
 p - 57 poisoned needles
 F - 3 javelins (quivered)
 H - 5 curare-tipped needles
Armour
 b - a +0 robe (worn)
 h - a +0 robe
 n - a +0 chain mail
Jewellery
 t - a cursed -3 ring of strength {unknown}
 u - an uncursed amulet of harm {unknown}
 v - an uncursed ring of wizardry {unknown}
Scrolls
 e - 5 scrolls of remove curse {unknown}
 f - 2 scrolls of teleportation {unknown}
 j - a scroll of blinking {unknown}
 m - a scroll of fear {unknown}
 r - 2 scrolls of fog {unknown}
 y - a scroll of magic mapping {unknown}
 B - a scroll of amnesia {unknown}
 D - 2 scrolls of identify {unknown}
Potions
 g - a potion of cure mutation {unknown}
 i - a potion of flight {unknown}
 k - a potion of ambrosia {unknown}
 q - a potion of magic {unknown}
 w - a potion of resistance {unknown}
 x - a potion of haste {unknown}
 A - a potion of might {unknown}
 E - a potion of degeneration {unknown}
Books
 c - a book of Changes

   Spells                             Type                      Level
   a - Beastly Appendage              Transmutation                1
   b - Sticks to Snakes               Transmutation                2
   c - Spider Form                    Transmutation/Poison         3
   d - Ice Form                       Ice/Transmutation            4
   e - Blade Hands                    Transmutation                5
Comestibles
 d - 3 bread rations
 l - 2 slices of pizza
 o - 3 fruits
 s - 2 beef jerkies
 z - a royal jelly
 C - a meat ration
 G - 3 chunks of flesh


   Skills:
 + Level 1.9 Fighting
 - Level 1.5 Dodging
 + Level 3.4 Unarmed Combat
 - Level 2.1 Spellcasting
 * Level 3.3 Transmutations


You had 4 spell levels left.
You knew the following spells:

 Your Spells              Type           Power        Failure   Level  Hunger
a - Beastly Appendage     Tmut           ##....       10%         1    ##.....
b - Sticks to Snakes      Tmut           ##......     12%         2    ###....


Dungeon Overview and Level Annotations

Branches:
Dungeon (3/15)

Altars:
Nemelex Xobeh


Innate Abilities, Weirdness & Mutations

You have extremely sharp teeth.
Your natural rate of healing is unusually fast.
When hurt, damage is shared between your health and your magic reserves.
Your bite disrupts and absorbs the magic of your enemies.
Potions and wands cannot restore your health.
You are immune to rotting.


Message History

Your adder completely misses the orc warrior.
The orc wizard gestures wildly while chanting.
The orc wizard flickers and vanishes!
Deactivating autopickup; reactivate with Ctrl-A.
Your transformation is almost over.
Your talons disappear.
You swap places.
The orc warrior closely misses you.
The orc warrior hits your adder with a hand axe!
Your adder dies!
The orc warrior hits you with a hand axe!
Casting: Sticks to Snakes
Confirm with . or Enter, or press ? or * to list all spells.
You create a snake!
You now have 44 arrows.
The orc warrior hits you with a hand axe.
You swap places.
The orc warrior hits your ball python with a hand axe.
Your ball python dies!
A puff of flame appears from out of thin air!
The puff of flame hits you!
You die...

.#.###.#.........#
#.##.# ...
.....#...###.######.##o#
.# ####.#...#
#.#......##.# .
#.#...###.#.#######.# .
#...#..oo.........# #
#...#.#{#o#######.#
....#.#.#.# #.#
##$..#.#.#.############
#.#@#............#
#.#.###########.##
#.....# #.# # #.#####
#.# #.# #.# ###
#########.# ......)...#
########(.# .. #..#


You could see an orc warrior and an orc.

Vanquished Creatures
  3 adders (D:2)
  4 dart slugs
  A giant gecko (D:2)
  3 bats
  A giant cockroach (D:2)
  A goblin (D:2)
  3 hobgoblins
  5 jackals
  2 kobolds
  2 ball pythons (D:3)
  A giant newt (D:1)
  2 rats
28 creatures vanquished.

Vanquished Creatures (collateral kills)
  A bat (D:3)
1 creature vanquished.

Grand Total: 29 creatures vanquished

Notes
Turn   | Place    | Note
-------+----------+-------------------------------------------
     0 | D:1      | torvon the Vine Stalker Transmuter began the quest for the Orb.
     0 | D:1      | Reached XP level 1. HP: 9/9 MP: 4/4
    95 | D:1      | Reached skill level 1 in Fighting
   310 | D:1      | Reached XP level 2. HP: 9/14 MP: 1/6
   695 | D:2      | Reached XP level 3. HP: 9/18 MP: 5/7
  1103 | D:2      | Reached XP level 4. HP: 14/23 MP: 2/8
  1185 | D:3      | Found a sparkling altar of Nemelex Xobeh.
  1363 | D:3      | Learned a level 2 spell: Sticks to Snakes
  1620 | D:3      | Noticed an orc warrior
  1718 | D:3      | Killed from afar by an orc wizard

Vault maps used:
D:1:      lightli_arrival_quake
D:3:      lemuel_crystal_altar

Skill      XL: |  1  2  3 |
---------------+----------+-----
Fighting       | 1 |  1.9
Transmutations | 3 |  3.3
Dodging        | |  1.5
Unarmed Combat | |  3.4
Spellcasting   | |  2.1

Action                   |  1- 3 |  4- 6 || total
-------------------------+-------+-------++-------
Melee: Unarmed           |    66 |    29 ||    95
       Bite              |    11 |    10 ||    21
       Headbutt          |     8 |     3 ||    11
       Kick              |     2 |     4 ||     6
       Punch             |     1 |       ||     1
 Cast: Beastly Appendage |    12 |     4 ||    16
       Sticks to Snakes  |       |     4 ||     4
 Stab: Sleeping          |     1 |     1 ||     2
  Eat: Chunk             |     1 |       ||     1
       Bread ration      |       |     1 ||     1
Armor: Robe              |     4 |    17 ||    21
Dodge: Dodged            |    46 |    38 ||    84
